 Dungeon Crawl Stone Soup version 0.30-a0-711-gf4ac18a38d (webtiles) character file.

Game seed: 10695411262891738834

31 tilp the Covered (level 3, -5/31 HPs)
             Began as a Meteoran Fighter on Jan 22, 2023.
             Slain by a gnoll
             ... wielding a +2 flail of protection
              (12 damage)
             ... on level 2 of the Dungeon.
             The game lasted 00:01:52 (372 turns).

tilp the Covered (Meteoran Fighter)                  Turns: 372, Time: 00:01:52

Health: -5/31      AC:  8    Str: 17    XL:     3   Next: 61%
Magic:  4/4        EV:  9    Int: 10    God:
Gold:   0          SH:  5    Dex: 15    Spells: 2/2 levels left

rFire   . . .      SeeInvis .    a - +0 long sword
rCold   . . .      Faith    .    c - +0 buckler
rNeg    . . .      Spirit   .    b - +0 scale mail
rPois   .          Reflect  .    f - +0 helmet
rElec   .          Harm     .    (no cloak)
rCorr   .          Rampage  .    (no gloves)
Will    .....                    (no boots) Stlth
                                 (no amulet)
HPRegen 0.25/turn                (no ring)
MPRegen 0.09/turn                (no ring)

@: glowing
A: sense surroundings 1, otherworldly, glowing, explore regen
a: no special abilities


You were on level 2 of the Dungeon.
You visited 1 branch of the dungeon, and saw 2 of its levels.

Inventory:

Hand Weapons
 a - a +0 long sword (weapon)
Missiles
 e - 10 poisoned darts (quivered)
 g - 20 stones
Armour
 b - a +0 scale mail (worn)
 c - a +0 buckler (worn)
 f - a +0 helmet (worn)
Scrolls
 h - a scroll of teleportation {unknown}
Potions
 d - a potion of might


   Skills:
 + Level 3.5 Fighting
 + Level 2.7 Long Blades
 + Level 3.9 Armour
 * Level 1.6 Dodging
 + Level 0.5 Stealth
 + Level 3.8 Shields


You had 2 spell levels left.
You didn't know any spells.
Your spell library was empty.

Dungeon Overview and Level Annotations

Branches:
Dungeon (2/15) Zot: 801

Altars:

Shops:
D:2 (::


Innate Abilities, Weirdness & Mutations

You passively map a small area around you.
You are easily found by Zot.
You glow in the dark.
You regain HP and MP as you explore.


Message History

You see here 6 poisoned darts.
e - 10 poisoned darts (gained 6)
The gnoll shouts!
You block the gnoll's attack. The gnoll attacks as you move away!
The gnoll hits you but does no damage. The gnoll barely misses you.
The gnoll attacks as you move away! You block the gnoll's attack.
The gnoll attacks as you move away! The gnoll hits you but does no damage.
The gnoll attacks as you move away! The gnoll hits you with a +0 whip.
You barely miss the gnoll. The gnoll closely misses you.
You block the gnoll's attack.
You slash the gnoll!
The gnoll is almost dead.
The gnoll hits you but does no damage. The gnoll closely misses you.
You slash the gnoll!
You kill the gnoll!
The gnoll hits you from afar with a +0 halberd.
The gnoll completely misses you. You block the gnoll's attack.
Things that are here:
a +0 whip; a gnoll corpse You hit the gnoll.
The gnoll is lightly wounded.
The gnoll hits you with a +0 halberd!
You are too injured to fight recklessly!
You are too injured to fight recklessly!
You are too injured to fight recklessly!
You hit the gnoll but do no damage.
The gnoll is lightly wounded.
The gnoll hits you but does no damage. x2
You barely miss the gnoll. The gnoll hits you with a +0 halberd!
* * * LOW HITPOINT WARNING * * *
The gnoll hits you but does no damage.
Unknown command.
The gnoll attacks as you move away! The gnoll hits you with a +0 halberd.
* * * LOW HITPOINT WARNING * * *
The gnoll attacks as you move away! You block the gnoll's attack. x2
The gnoll attacks as you move away!
The gnoll hits you with a +2 flail of protection!
You die...

######.....<#
###...........#
#...#.........#
#..#.#........#
#####.#...#.......#
#..<.#..∩..#......#
#.....#...#.####.##
* #......#.#..# #.#
#....@..#...# #.#
#....#g.#..## *.# *
#....##)#.## * ,
#...∩.....#
####.#.*
#....##...##.......
#.....#.......# * ,
#.............## *
* #...............#
#...............#


You could see a gnoll.

Vanquished Creatures
  A gnoll (D:2)
  A worm (D:1)
  A dart slug (D:1)
  2 endoplasms (D:1)
  A giant cockroach (D:1)
  3 goblins (D:1)
  3 jackals (D:1)
  2 frilled lizards
  A kobold (D:1)
  2 rats (D:1)
17 creatures vanquished.

Notes
Turn   | Place    | Note
-------+----------+-------------------------------------------
     0 | D:1      | tilp the Meteoran Fighter began the quest for the Orb.
     0 | D:1      | Reached XP level 1. HP: 19/19 MP: 2/2
    66 | D:1      | Reached XP level 2. HP: 15/26 MP: 3/3
   150 | D:1      | Reached skill level 1 in Dodging
   222 | D:2      | Found Cuqaduf's Book Emporium.
   236 | D:1      | Reached XP level 3. HP: 18/31 MP: 4/4
   284 | D:2      | Found Mycoymn's Book Emporium.
   330 | D:2      | Found Hecw's Weapon Shoppe.
   372 | D:2      | Slain by a gnoll

Illustrated notes

Levels and vault maps discovered:
D:1:      heliophobic_arrival_glass_houses, layout_loops_ring
D:2:      layout_rooms, serial_shops, nicolae_diamond_shop, nicolae_shop_trees,
          shop, shop, nicolae_diamond_shop

Skill      XL: |  1  2 |
---------------+-------+-----
Dodging        | 1 |  1.6
Fighting       | |  3.5
Long Blades    | |  2.7
Armour         | |  3.9
Stealth        | |  0.5
Shields        | |  3.8

Action                     || total
---------------------------++-------
  Melee: Long sword        ||    85
 Armour: Scale mail        ||    49
  Dodge: Dodged            ||    38
  Block: Buckler           ||    28

Table legend: (Time is in decaauts)
 A = Elapsed time spent in this place.
 B = Non-inter-level travel time spent in this place.
 C = Inter-level travel time spent in this place.
 D = Time resting spent in this place.
 E = Time spent auto-exploring this place.
 F = Levels seen in this place.
 G = Mean time per level.
                   A        B        C        D        E       F      G
               +--------+--------+--------+--------+--------+-----+--------+
         Total |    398 |    377 |     21 |      0 |      0 |   2 |  199.0 |
       Dungeon |    398 |    377 |     21 |      0 |      0 |   2 |  199.0 |
               +--------+--------+--------+--------+--------+-----+--------+

Top non-repeatable levels by time:
     D:1: 329 daAuts
     D:2: 69 daAuts
